Map: 포트 알렉산더 - 래더

Players

SpaceMarine

  • Race: Protoss Protoss
  • Spawn Location: 5:00

Creator - Winner!

  • Race: Protoss Protoss
  • Spawn Location: 11:00

Event: IEM Season 13: Katowice (2019)

VOD

Have the link to the VOD?

Description

Time

  • Played on: Feb. 26, 2019, 5:10 a.m.
  • Length: 5:15

All games in this series

Show
View Real Time Build Order
Export as new Build Order

SpaceMarine Protoss 

Build Orders: Oracle Opening 

Get SALT Encoding   

  12  0:00  Probe  
  13  0:12  Probe  
  14  0:17  Pylon  
  14  0:24  Probe  
  15  0:32  Probe  
  15  0:38  Gateway  
  15  0:40  Probe  
  16  0:47  Assimilator  
  17  0:50  Probe  
  17  0:56  Assimilator  
  18  0:58  Probe  
  19  1:06  Probe  
  20  1:12  Gateway  
  20  1:17  Probe  
  21  1:27  Cybernetics Core  
  21  1:30  Probe  
  22  1:37  Pylon  
  22  1:42  Probe  
  23  2:05  Sentry, Adept  
  23  2:06  Warp Gate  
  27  2:34  Stalker  
  27  2:35  Stalker  
  31  2:39  Pylon  
  31  2:54  Nexus  
  31  2:59  Stargate  
  31  3:02  Probe  
  32  3:14  Probe  
  33  3:22  Probe  
  34  3:27  Pylon  
  34  3:30  Probe  
  34  3:34  Oracle  
  34  3:41  Probe  
  35  3:43  Forge  
  38  3:55  Twilight Council  
  38  4:00  Stalker  
  39  4:03  Stalker  
  39  4:07  Oracle  
  42  4:28  Stalker  
  42  4:30  Adept  
  46  4:31  Probe  
  46  4:34  Probe  
  48  4:42  Probe  
  48  4:43  Probe  
  48  4:55  Probe  
  48  4:59  Adept x2  
Show
View Real Time Build Order
Export as new Build Order

Creator Protoss - Winner!

Build Orders: Phoenix Opening 

Get SALT Encoding   

  12  0:00  Probe  
  13  0:12  Probe  
  14  0:17  Pylon  
  14  0:24  Probe  
  15  0:32  Probe  
  15  0:37  Gateway  
  15  0:40  Probe  
  16  0:46  Assimilator  
  17  0:50  Probe  
  17  0:55  Assimilator  
  18  0:58  Probe  
  19  1:07  Probe  
  19  1:08  Gateway  
  20  1:18  Probe  
  20  1:25  Cybernetics Core  
  21  1:30  Probe  
  22  1:36  Pylon  
  22  1:42  Probe  
  23  1:55  Probe  
  24  2:02  Warp Gate, Sentry, Stalker  
  28  2:10  Pylon  
  28  2:36  Phoenix  
  28  2:39  Nexus  
  28  2:46  Probe  
  28  2:53  Stalker x2  
  32  2:58  Probe  
  32  3:05  Shield Battery  
  33  3:12  Probe  
  34  3:13  Shield Battery  
  34  3:24  Probe  
  35  3:27  Forge  
  35  3:35  Probe  
  36  3:43  Probe  
  37  3:51  Probe  
  37  3:52  Probe  
  37  3:54  Adept x2  
  42  4:01  Probe  
  43  4:09  Probe  
  45  4:13  Probe  
  46  4:19  Stalker x2  
  46  4:20  Probe  
  48  4:26  Probe  
  48  4:29  Probe  
  48  4:36  Twilight Council  
  48  4:37  Probe x2  
  49  4:45  Pylon  
  51  4:48  Probe x2  
  53  4:59  Assimilator  
  53  5:01  Assimilator  

Tags
 
Add a new tag
Caveats
  • Supply blocks, unpowered buildings, or Contaminate may cause inaccurate times.
  • Supply counts are checked every 10 seconds.